 Dungeon Crawl Stone Soup version 0.29-a0-284-gf9362112df (webtiles) character file.

Game seed: 17311978144926900460

29 sammy202020 the Skirmisher (level 3, -1/43 HPs)
             Began as a Demonspawn Berserker on Apr 1, 2022.
             Was a Follower of Trog.
             Slain by Robin
             ... wielding a +3 spear of venom
              (5 damage)
             ... on level 2 of the Dungeon.
             The game lasted 00:01:56 (866 turns).

sammy202020 the Skirmisher (Demonspawn Berserker)    Turns: 866, Time: 00:01:56

Health: -1/43      AC:  5    Str: 17    XL:     3   Next: 1%
Magic:  3/3        EV: 11    Int: 10    God:    Trog [*.....]
Gold:   50         SH:  0    Dex: 12    Spells: 2/2 levels left

rFire   . . .      SeeInvis .   a - +0 hand axe
rCold   . . .      Faith    .   (no shield)
rNeg    . . .      Spirit   .   l - +0 ring mail
rPois   .          Reflect  .   (helmet restricted)
rElec   .          Harm     .   (no cloak)
rCorr   .          Rampage  .   (no gloves)
Will    .....                   (no boots)
Stlth   ..........              (no amulet)
HPRegen 0.14/turn               (no ring)
MPRegen 0.08/turn               (no ring)

@: berserking, lethally poisoned (-1 -> -3), very quick
A: antennae 2
a: Renounce Religion, Berserk


You were on level 2 of the Dungeon.
You worshipped Trog.
Trog was aware of your devotion.
You visited 1 branch of the dungeon, and saw 2 of its levels.

You collected 50 gold pieces.

Inventory:

Hand Weapons
 a - a +0 hand axe (weapon)
Armour
 j - a +0 kite shield
 l - a +0 ring mail (worn)
Wands
 k - a wand of mindburst (10)
Scrolls
 d - a scroll of silence {unknown}
 e - a scroll of summoning {unknown}
 f - 2 scrolls of magic mapping {unknown}
 i - a scroll of blinking {unknown}
 m - a scroll of brand weapon {unknown}
Potions
 b - 2 potions of attraction {unknown}
 c - a potion of cancellation {unknown}
 g - a potion of haste {unknown}
 h - a potion of heal wounds {unknown}


   Skills:
 * Level 3.3 Fighting
 * Level 3.1 Axes
 * Level 2.3 Armour
 + Level 2.0 Dodging


You had 2 spell levels left.
You didn't know any spells.
Your spell library was empty.

Dungeon Overview and Level Annotations

Branches:
Dungeon (2/15)

Altars:

Annotations:
D:2 Robin


Innate Abilities, Weirdness & Mutations

You have a pair of antennae on your head.


Message History

You feel yourself moving faster!
You feel mighty! The goblin hits you with a +0 club.
* * * LOW HITPOINT WARNING * * *
The goblin hits you with a +0 dagger.
* * * LOW HITPOINT WARNING * * *
You hit the goblin.
You kill the goblin!
Trog accepts your kill.
You hit the goblin.
You kill the goblin!
Trog accepts your kill.
You closely miss the hobgoblin. The hobgoblin misses you.
You closely miss the hobgoblin. Robin barely misses you.
The hobgoblin hits you but does no damage.
You barely miss the hobgoblin.
The hobgoblin no longer looks unusually strong.
You hit the hobgoblin.
You kill the hobgoblin!
Trog accepts your kill. Robin barely misses you.
You have reached level 3!
Your experience leads to an increase in your attributes!
Increase (S)trength, (I)ntelligence, or (D)exterity?
You feel clever. x2; Your demonic ancestry asserts itself...
The antennae on your head grow some more.
Robin hits you but does no damage.
You are poisoned.
Items here: )))))) ††.
You hit Robin.
Robin is moderately wounded.
* * * LOW HITPOINT WARNING * * *
You feel sick. Robin closely misses you.
You hit Robin.
Robin is heavily wounded.
You closely miss Robin.
Robin is heavily wounded.
You feel sick.
Robin says, "Bow before me, strongest of all the hobgoblins!"
Robin hits you with a +3 spear of venom.
You die...

### #.#
#################.#
......g@.)......#.#
##.########.###.#.#
#.# #.#.# #.#
#.#.###### #.#
#.#....... #.#
#.#.######
.######.###.#.######
....................
.#######.##.#.##.###


You could see Robin.

Vanquished Creatures
  2 endoplasms
  2 giant cockroaches (D:1)
  10 goblins
  3 hobgoblins (D:2)
  A kobold (D:2)
  A quokka (D:2)
  2 ball pythons
  2 frilled lizards
  A rat (D:1)
24 creatures vanquished.

Notes
Turn   | Place    | Note
-------+----------+-------------------------------------------
     0 | D:1      | sammy202020 the Demonspawn Berserker began the quest for
                  | the Orb.
     0 | D:1      | Reached XP level 1. HP: 18/18 MP: 1/1
   393 | D:1      | Gained mutation: You have a pair of small antennae on your
                  | head. [demonic ancestry]
   393 | D:1      | Reached XP level 2. HP: 19/24 MP: 2/2
   845 | D:2      | Noticed Robin
   863 | D:2      | Gained mutation: You have a pair of antennae on your head.
                  | [demonic ancestry]
   863 | D:2      | Reached XP level 3. HP: 7/29 MP: 3/3
   866 | D:2      | Slain by Robin

Illustrated notes

Levels and vault maps discovered:
D:1:      saegor_arrival_fortress, layout_rooms,
          hellmonk_ecumenical_altar_heavens_door
D:2:      layout_basic, nrook_mini_vaults, uniq_robin, uniq_crazy_yiuf_cottage

Skill      XL: |  1  2 |
---------------+-------+-----
Armour         | 2 |  2.3
Axes           | 3 |  3.1
Dodging        | 2 |  2.0
Fighting       | |  3.3

Action                   || total
-------------------------++-------
Melee: Hand axe          ||    55
       Punch             ||     1
Invok: Berserk           ||     1
Armor: Animal skin       ||     2
       Ring mail         ||    10
       Leather armour    ||     6
Dodge: Dodged            ||    30

Table legend: (Time is in decaauts)
 A = Elapsed time spent in this place.
 B = Non-inter-level travel time spent in this place.
 C = Inter-level travel time spent in this place.
 D = Time resting spent in this place.
 E = Time spent auto-exploring this place.
 F = Levels seen in this place.
 G = Mean time per level.
                   A        B        C        D        E       F      G
               +--------+--------+--------+--------+--------+-----+--------+
         Total |    870 |    857 |     13 |      0 |    662 |   2 |  435.0 |
       Dungeon |    870 |    857 |     13 |      0 |    662 |   2 |  435.0 |
               +--------+--------+--------+--------+--------+-----+--------+

Top non-repeatable levels by time:
     D:1: 440 daAuts
     D:2: 430 daAuts
